| TOP OF THE 1ST |
|
Coos Bay-North Bend Blue Soxs batting - Pitching for Modesto Nuts : RHP Armando Linares
|
|
Pitching: RHP Armando Linares
|
|
|
Batting: LHB Dwight Taylor
|
0-0: Ball 1-0: Ball 2-0: Ball 3-0: Base on Balls
|
|
Batting: LHB Curt Reed
|
0-0: Foul Ball, location: 2F 0-1: Called Strike 0-2: Ball 1-2: Ball 2-2: Ball 3-2: Base on Balls Dwight Taylor to second
|
|
Batting: LHB Benny Distefano
|
0-0: Ball 1-0: Called Strike 1-1: Ball 2-1: Foul Ball, location: 2F 2-2: Foul Ball, location: 2F 2-2: Fly out, F8 (Line Drive, 8LM, EV 109.4 MPH)
|
|
Batting: RHB Bob Gergen
|
0-0: Swinging Strike 0-1: Ball 1-1: Ball Curt Reed is caught stealing 2nd base 2-4 Dwight Taylor steals 3rd base 2-1: Foul Ball, location: 2F 2-2: DOUBLE (Flyball, 8LXD, EV 106.3 MPH) Dwight Taylor scores
|
|
Batting: RHB Danny Quintana
|
0-0: Called Strike 0-1: Ball 1-1: Called Strike 1-2: Foul Ball, location: 2F 1-2: Ground out 4-3 (Groundball, 4, EV 76.3 MPH)
|
| Top of the 1st over - 1 run, 1 hit, 0 errors, 1 left on base; Coos Bay-North Bend 1 - Modesto 0 |
| BOTTOM OF THE 1ST |
|
Modesto Nuts batting - Pitching for Coos Bay-North Bend Blue Soxs : RHP Leo Rico
|
|
Pitching: RHP Leo Rico
|
|
|
Batting: RHB Andre Lowe
|
0-0: Called Strike 0-1: Ball 1-1: Swinging Strike 1-2: Ground out 4-3 (Groundball, 4M, EV 93.1 MPH)
|
|
Batting: RHB Johnny Tutt
|
0-0: Called Strike 0-1: Ground out 5-3 (Groundball, 56, EV 84.4 MPH)
|
|
Batting: LHB Dave McLaughlin
|
0-0: Called Strike 0-1: Ball 1-1: Foul Ball, location: 2F 1-2: DOUBLE (Line Drive, 78M, EV 101.9 MPH)
|
|
Batting: RHB Antonio Lopez
|
0-0: Ball 1-0: Ground out 6-3 (Groundball, 6, EV 89.4 MPH)
|
| Bottom of the 1st over - 0 runs, 1 hit, 0 errors, 1 left on base; Coos Bay-North Bend 1 - Modesto 0 |
| TOP OF THE 2ND |
|
Coos Bay-North Bend Blue Soxs batting - Pitching for Modesto Nuts : RHP Armando Linares
|
|
Batting: LHB Pat Castiglia
|
0-0: Ball 1-0: Swinging Strike 1-1: Ball 2-1: Foul Ball, location: 2F 2-2: Ball 3-2: Strikes out looking
|
|
Batting: RHB Bob Glendening
|
0-0: Ball 1-0: Called Strike 1-1: Ball 2-1: Ball 3-1: Foul Ball, location: 2F 3-2: Base on Balls
|
|
Batting: RHB Mark Miller
|
0-0: Called Strike 0-1: Grounds into double play, 5-4-3 (Groundball, 5L, EV 103.8 MPH)
|
| Top of the 2nd over - 0 runs, 0 hits, 0 errors, 0 left on base; Coos Bay-North Bend 1 - Modesto 0 |
| BOTTOM OF THE 2ND |
|
Modesto Nuts batting - Pitching for Coos Bay-North Bend Blue Soxs : RHP Leo Rico
|
|
Batting: RHB James Cecchini
|
0-0: Ground out 1-3 (Groundball, P, EV 61.9 MPH)
|
|
Batting: LHB Nelson Burciaga
|
0-0: Foul Ball, location: 2F 0-1: Ball 1-1: Ball 2-1: Foul Ball, location: 2F 2-2: Ball 3-2: Foul Ball, location: 2F 3-2: Base on Balls
|
|
Batting: RHB Mike Miller
|
0-0: Called Strike 0-1: Ball 1-1: Foul Ball, location: 2F 1-2: Strikes out looking
|
|
Batting: RHB Jesus Vila
|
0-0: Ball 1-0: Foul Ball, location: 2F 1-1: Fly out, F8 (Flyball, 89XD, EV 98.1 MPH)
|
| Bottom of the 2nd over - 0 runs, 0 hits, 0 errors, 1 left on base; Coos Bay-North Bend 1 - Modesto 0 |
| TOP OF THE 3RD |
|
Coos Bay-North Bend Blue Soxs batting - Pitching for Modesto Nuts : RHP Armando Linares
|
|
Batting: RHB Henry Noble
|
0-0: Swinging Strike 0-1: DOUBLE (Line Drive, 89XD, EV 101.9 MPH)
|
|
Batting: LHB Dwight Taylor
|
0-0: Ball 1-0: Sac Bunt to 15S - play at first, batter OUT! 1-3 Henry Noble to third
|
|
Batting: LHB Curt Reed
|
0-0: Called Strike 0-1: Foul Ball, location: 2F 0-2: Ball 1-2: Ball 2-2: Foul Ball, location: 2F 2-2: Ball 3-2: Ground out 1-3 (Groundball, P, EV 71.3 MPH)
|
|
Batting: LHB Benny Distefano
|
0-0: Called Strike 0-1: Ball 1-1: SINGLE (Line Drive, 8LS, EV 92.5 MPH) Henry Noble scores
|
|
Batting: RHB Bob Gergen
|
0-0: Called Strike 0-1: Ground out 4-3 (Groundball, 4, EV 89.4 MPH)
|
| Top of the 3rd over - 1 run, 2 hits, 0 errors, 1 left on base; Coos Bay-North Bend 2 - Modesto 0 |
| BOTTOM OF THE 3RD |
|
Modesto Nuts batting - Pitching for Coos Bay-North Bend Blue Soxs : RHP Leo Rico
|
|
Batting: RHB Carlos Leal
|
0-0: Ground out 5-3 (Groundball, 56, EV 86.3 MPH)
|
|
Batting: RHB Andre Lowe
|
0-0: Ball 1-0: Swinging Strike 1-1: Swinging Strike 1-2: Strikes out swinging
|
|
Batting: RHB Johnny Tutt
|
0-0: Ball 1-0: Called Strike 1-1: Swinging Strike 1-2: Foul Ball, location: 2F 1-2: Foul Ball, location: 2F 1-2: Strikes out swinging
|
| Bottom of the 3rd over - 0 runs, 0 hits, 0 errors, 0 left on base; Coos Bay-North Bend 2 - Modesto 0 |
| TOP OF THE 4TH |
|
Coos Bay-North Bend Blue Soxs batting - Pitching for Modesto Nuts : RHP Armando Linares
|
|
Batting: RHB Danny Quintana
|
0-0: DOUBLE (Line Drive, 5D, EV 103.1 MPH)
|
|
Batting: LHB Pat Castiglia
|
0-0: Ground out 4-3 (Groundball, 4S, EV 86.9 MPH) Danny Quintana to third
|
|
Batting: RHB Bob Glendening
|
0-0: Ball 1-0: Called Strike 1-1: Ball 2-1: Fly out, F7 (Flyball, 78S, EV 82.5 MPH)
|
|
Batting: RHB Mark Miller
|
0-0: Foul Ball, location: 2F 0-1: Ball 1-1: Swinging Strike 1-2: Foul Ball, location: 2F 1-2: Foul Ball, location: 2F 1-2: Ball 2-2: Fly out, F4 (Popup, 34D, EV 55.6 MPH)
|
| Top of the 4th over - 0 runs, 1 hit, 0 errors, 1 left on base; Coos Bay-North Bend 2 - Modesto 0 |
| BOTTOM OF THE 4TH |
|
Modesto Nuts batting - Pitching for Coos Bay-North Bend Blue Soxs : RHP Leo Rico
|
|
Batting: LHB Dave McLaughlin
|
0-0: Reached on error, E6 (Groundball, 6, EV 103.8 MPH)
|
|
Batting: RHB Antonio Lopez
|
0-0: Called Strike 0-1: Ball 1-1: Ball 2-1: Foul Ball, location: 2F 2-2: Grounds into double play, 5-4-3 (Groundball, 5, EV 88.8 MPH)
|
|
Batting: RHB James Cecchini
|
0-0: Called Strike 0-1: Ball 1-1: Ball 2-1: Ground out 6-3 (Groundball, 6, EV 111.3 MPH)
|
| Bottom of the 4th over - 0 runs, 0 hits, 1 error, 0 left on base; Coos Bay-North Bend 2 - Modesto 0 |
| TOP OF THE 5TH |
|
Coos Bay-North Bend Blue Soxs batting - Pitching for Modesto Nuts : RHP Armando Linares
|
|
Batting: RHB Henry Noble
|
0-0: Ball 1-0: Ball 2-0: Ground out 4-3 (Groundball, 4M, EV 103.8 MPH)
|
|
Batting: LHB Dwight Taylor
|
0-0: Fly out, F3 (Popup, 3F, EV 62.5 MPH)
|
|
Batting: LHB Curt Reed
|
0-0: Ball 1-0: Ground out 6-3 (Groundball, 6, EV 103.1 MPH)
|
| Top of the 5th over - 0 runs, 0 hits, 0 errors, 0 left on base; Coos Bay-North Bend 2 - Modesto 0 |
| BOTTOM OF THE 5TH |
|
Modesto Nuts batting - Pitching for Coos Bay-North Bend Blue Soxs : RHP Leo Rico
|
|
Batting: LHB Nelson Burciaga
|
0-0: Called Strike 0-1: DOUBLE (Line Drive, 9LM, EV 111.9 MPH)
|
|
Batting: RHB Mike Miller
|
0-0: Ball 1-0: Called Strike 1-1: Ball 2-1: Foul Ball, location: 2F 2-2: Ball 3-2: Foul Ball, location: 2F 3-2: Strikes out looking
|
|
Batting: RHB Jesus Vila
|
0-0: Ball 1-0: SINGLE (Groundball, 34D, EV 97.5 MPH) Nelson Burciaga to third Runner from 3rd tries for Home, SAFE, throw by RF to home
|
|
Batting: RHB Carlos Leal
|
0-0: Ball 1-0: Grounds into double play, 6-4-3 (Groundball, 6, EV 83.1 MPH)
|
| Bottom of the 5th over - 1 run, 2 hits, 0 errors, 0 left on base; Coos Bay-North Bend 2 - Modesto 1 |
| TOP OF THE 6TH |
|
Coos Bay-North Bend Blue Soxs batting - Pitching for Modesto Nuts : RHP Armando Linares
|
|
Batting: LHB Benny Distefano
|
0-0: Ball 1-0: Ball 2-0: Foul Ball, location: 2F 2-1: Ball 3-1: Foul Ball, location: 2F 3-2: Fly out, F8 (Line Drive, 8LM, EV 93.8 MPH)
|
|
Batting: RHB Bob Gergen
|
0-0: Ball 1-0: Ground out 5-3 (Groundball, 56, EV 79.4 MPH)
|
|
Batting: RHB Danny Quintana
|
0-0: Called Strike 0-1: Fly out, F9 (Flyball, 9, EV 90.0 MPH)
|
| Top of the 6th over - 0 runs, 0 hits, 0 errors, 0 left on base; Coos Bay-North Bend 2 - Modesto 1 |
| BOTTOM OF THE 6TH |
|
Modesto Nuts batting - Pitching for Coos Bay-North Bend Blue Soxs : RHP Leo Rico
|
|
Batting: RHB Andre Lowe
|
0-0: Ball 1-0: Ball 2-0: Ball 3-0: Base on Balls
|
|
Batting: RHB Johnny Tutt
|
0-0: Ball 1-0: Called Strike 1-1: Ball 2-1: Foul Ball, location: 2F 2-2: Ball 3-2: Grounds into double play, 4-6-3 (Groundball, 4, EV 93.1 MPH)
|
|
Batting: LHB Dave McLaughlin
|
0-0: Ball 1-0: Foul Ball, location: 2F 1-1: Foul Ball, location: 2F 1-2: Fly out, F7 (Flyball, 7, EV 90.0 MPH)
|
| Bottom of the 6th over - 0 runs, 0 hits, 0 errors, 0 left on base; Coos Bay-North Bend 2 - Modesto 1 |
| TOP OF THE 7TH |
|
Coos Bay-North Bend Blue Soxs batting - Pitching for Modesto Nuts : RHP Armando Linares
|
|
Batting: LHB Pat Castiglia
|
0-0: Called Strike 0-1: Ball 1-1: Ball 2-1: Called Strike 2-2: Foul Ball, location: 2F 2-2: Ground out 4-3 (Groundball, 4, EV 105.6 MPH)
|
|
Batting: RHB Bob Glendening
|
0-0: SINGLE (Line Drive, 6MD, EV 94.4 MPH)
|
|
Batting: RHB Mark Miller
|
0-0: Ball 1-0: Ball 2-0: Called Strike 2-1: Foul Ball, location: 2F 2-2: Ball 3-2: Ground out U3 (Groundball, 3L, EV 88.8 MPH) Bob Glendening to second
|
|
Pitching: RHP Jon Mathews
|
|
|
Batting: RHB Henry Noble
|
0-0: Fly out, F9 (Flyball, 89S, EV 80.0 MPH)
|
| Top of the 7th over - 0 runs, 1 hit, 0 errors, 1 left on base; Coos Bay-North Bend 2 - Modesto 1 |
| BOTTOM OF THE 7TH |
|
Modesto Nuts batting - Pitching for Coos Bay-North Bend Blue Soxs : RHP Leo Rico
|
|
Batting: RHB Antonio Lopez
|
0-0: Ball 1-0: Foul Ball, location: 2F 1-1: Ball 2-1: Swinging Strike 2-2: Hit by Pitch
|
|
Pinch Hitting: RHB Fred Blair
|
0-0: Foul Ball, location: 2F 0-1: Ball 1-1: Ball 2-1: Ball Antonio Lopez steals 2nd base 3-1: Called Strike 3-2: Foul Ball, location: 2F 3-2: Foul Ball, location: 2F 3-2: Fly out, F5 (Popup, 5SF, EV 75.0 MPH)
|
|
Batting: LHB Nelson Burciaga
|
0-0: Ball 1-0: Swinging Strike 1-1: Ball 2-1: Ball 3-1: Called Strike 3-2: Foul Ball, location: 2F 3-2: Base on Balls
|
|
Batting: RHB Mike Miller
|
0-0: Called Strike 0-1: Ball 1-1: Fielders Choice at 2nd, 5-4 (Groundball, 56S, EV 88.8 MPH) Antonio Lopez to third
|
|
Pinch Hitting: LHB Osamu Abe
|
0-0: Foul Ball, location: 2F 0-1: Ball 1-1: Called Strike 1-2: Ground out U3 (Groundball, 3L, EV 81.3 MPH)
|
| Bottom of the 7th over - 0 runs, 0 hits, 0 errors, 2 left on base; Coos Bay-North Bend 2 - Modesto 1 |
| TOP OF THE 8TH |
|
Coos Bay-North Bend Blue Soxs batting - Pitching for Modesto Nuts : RHP Jon Mathews
|
|
Now at C: Fred Blair
|
|
|
Now at 3B: Larry Tribble
|
|
|
Batting: LHB Dwight Taylor
|
0-0: Foul Ball, location: 2F 0-1: Ball 1-1: Foul Ball, location: 2F 1-2: Ball 2-2: Fly out, F8 (Flyball, 89S, EV 90.0 MPH)
|
|
Batting: LHB Curt Reed
|
0-0: Swinging Strike 0-1: Ball 1-1: Foul Ball, location: 2F 1-2: Ground out 5-3 (Groundball, 56S, EV 66.9 MPH)
|
|
Batting: LHB Benny Distefano
|
0-0: Ball 1-0: Swinging Strike 1-1: Fly out, F9 (Line Drive, 9D, EV 85.6 MPH)
|
| Top of the 8th over - 0 runs, 0 hits, 0 errors, 0 left on base; Coos Bay-North Bend 2 - Modesto 1 |
| BOTTOM OF THE 8TH |
|
Modesto Nuts batting - Pitching for Coos Bay-North Bend Blue Soxs : RHP Leo Rico
|
|
Batting: RHB Carlos Leal
|
0-0: Fly out, F8 (Flyball, 8RD, EV 89.4 MPH)
|
|
Batting: RHB Andre Lowe
|
0-0: Ball 1-0: Swinging Strike 1-1: Swinging Strike 1-2: SINGLE (Groundball, 4M, EV 97.5 MPH) (infield hit)
|
|
Batting: RHB Johnny Tutt
|
0-0: Fielders Choice at 2nd, 1-6 (Groundball, 23, EV 72.5 MPH)
|
|
Batting: LHB Dave McLaughlin
|
0-0: Hit by Pitch Johnny Tutt to second
|
|
Batting: RHB Antonio Lopez
|
0-0: Ball 1-0: Ball 2-0: Foul Ball, location: 2F 2-1: Called Strike 2-2: Foul Ball, location: 2F 2-2: Ball 3-2: SINGLE (Flyball, 8RS, EV 86.3 MPH) Johnny Tutt to third Dave McLaughlin to second Johnny Tutt scores Dave McLaughlin to third
|
|
Batting: RHB Fred Blair
|
0-0: Fly out, F8 (Flyball, 8RS, EV 90.0 MPH)
|
| Bottom of the 8th over - 1 run, 2 hits, 0 errors, 2 left on base; Coos Bay-North Bend 2 - Modesto 2 |
| TOP OF THE 9TH |
|
Coos Bay-North Bend Blue Soxs batting - Pitching for Modesto Nuts : RHP Jon Mathews
|
|
Pitching: LHP Timothy Fagely
|
|
|
Batting: RHB Bob Gergen
|
0-0: Ball 1-0: Foul Ball, location: 2F 1-1: Foul Ball, location: 2F 1-2: Foul Ball, location: 2F 1-2: Fly out, F4 (Flyball, 34D, EV 87.5 MPH)
|
|
Batting: RHB Danny Quintana
|
0-0: Foul Ball, location: 2F 0-1: Ball 1-1: Called Strike 1-2: Fly out, F9 (Flyball, 9LD, EV 96.9 MPH)
|
|
Batting: RHB Brian Stemberger
|
0-0: Ball 1-0: Called Strike 1-1: Swinging Strike 1-2: Ball 2-2: SINGLE (Flyball, 4D, EV 94.4 MPH)
|
|
Batting: RHB Bob Glendening
|
0-0: Ball 1-0: Called Strike 1-1: Swinging Strike 1-2: Ball 2-2: Ball 3-2: Foul Ball, location: 2F 3-2: SINGLE (Groundball, 56D, EV 101.9 MPH) Brian Stemberger to second Brian Stemberger to third
|
|
Batting: RHB Mark Miller
|
0-0: Called Strike 0-1: Called Strike 0-2: SINGLE (Groundball, 34D, EV 94.4 MPH) Brian Stemberger scores Bob Glendening to second Runner from 2nd tries for 3rd, SAFE, no throw by RF
|
|
Batting: RHB Henry Noble
|
0-0: Called Strike 0-1: Ball 1-1: Foul Ball, location: 2F 1-2: Ball 2-2: Foul Ball, location: 2F 2-2: Foul Ball, location: 2F 2-2: Fielders Choice at 2nd, 5-4 (Groundball, 56, EV 110.0 MPH)
|
| Top of the 9th over - 1 run, 3 hits, 0 errors, 2 left on base; Coos Bay-North Bend 3 - Modesto 2 |
| BOTTOM OF THE 9TH |
|
Modesto Nuts batting - Pitching for Coos Bay-North Bend Blue Soxs : RHP Leo Rico
|
|
Pitching: RHP Domingo Almanzar
|
|
|
Batting: LHB Nelson Burciaga
|
0-0: Ball 1-0: Ball 2-0: Ball 3-0: Called Strike 3-1: Base on Balls
|
|
Batting: RHB Mike Miller
|
0-0: Ball 1-0: Sac Bunt to 3S - play at second, runner OUT! 3-6
|
|
Pinch Hitting: RHB Thomas Amante
|
0-0: Ball 1-0: Ball 2-0: Called Strike 2-1: Ball 3-1: Fly out, F8 (Flyball, 8RS, EV 95.0 MPH)
|
|
Pinch Hitting: RHB Randy Olson
|
0-0: Foul Ball, location: 2F 0-1: Fly out, F7 (Flyball, 78D, EV 100.6 MPH)
|
| Bottom of the 9th over - 0 runs, 0 hits, 0 errors, 1 left on base; Coos Bay-North Bend 3 - Modesto 2 |
|